 Dungeon Crawl Stone Soup version 0.20.1-1-g8b1a95d (webtiles) character file.

737 rgaf the Cutter (level 7, -5/38 HPs)
             Began as a Vine Stalker Fighter on Oct 19, 2017.
             Slain by Blork the orc
             ... wielding a +0 glaive
              (9 damage)
             ... on level 4 of the Dungeon.
             The game lasted 00:04:36 (2616 turns).

rgaf the Cutter (Vine Stalker Fighter)              Turns: 2616, Time: 00:04:36

Health: -5/38      AC:  9    Str: 19    XL:     7   Next: 75%
Magic:  0/8        EV:  5    Int: 10    God:
Gold:   67         SH:  9    Dex: 13    Spells: 6/6 levels left

rFire    . . .     SeeInvis .   a - +0 rapier
rCold    . . .     Gourm    .   c - +0 shield
rNeg     . . .     Faith    .   n - +0 chain mail (curse)
rPois    .         Spirit   +   (no helmet)
rElec    .         Reflect  .   (no cloak)
rCorr    .         Harm     .   (no gloves)
MR       .....                  (no boots)
Stlth    ..........             (no amulet)
Regen    0.6/turn               (no ring)
MPRegen  0.2/turn               (no ring)

@: no status effects
A: fangs 2, regeneration 1, magic shield, antimagic bite, no potion heal 3, rot
immunity
a: no special abilities


You were on level 4 of the Dungeon.
You were very hungry.

You visited 1 branch of the dungeon, and saw 4 of its levels.

You collected 67 gold pieces.

Inventory:

Hand Weapons
 a - a +0 rapier (weapon)
Armour
 b - a +0 scale mail
 c - a +0 shield (worn)
 n - a cursed +0 chain mail (worn)
Wands
 p - a wand of lightning (1/15)
Scrolls
 e - a scroll of magic mapping {unknown}
 j - a scroll of fog {unknown}
 l - 2 scrolls of teleportation {unknown}
 m - a scroll of noise {unknown}
 o - a scroll of identify
 q - a scroll of recharging {unknown}
Potions
 d - a potion of might
 h - 2 potions of invisibility {unknown}
 i - a potion of heal wounds {unknown}
 k - a potion of agility {unknown}
Comestibles
 f - 2 bread rations
 g - 2 meat rations
 s - a royal jelly


   Skills:
 + Level 4.5 Fighting
 * Level 4.7 Short Blades
 + Level 3.9 Armour
 + Level 4.5 Stealth
 - Level 2.6 Shields


You had 6 spell levels left.
You didn't know any spells.

Dungeon Overview and Level Annotations

Branches:
Dungeon (4/15)
 Temple: D:4-7

Altars:
Nemelex Xobeh
Qazlal
Yredelemnul
Zin

Annotations:
D:4 Blork the orc, Grinder


Innate Abilities, Weirdness & Mutations

You have extremely sharp teeth.
Your natural rate of healing is unusually fast.
When hurt, damage is shared between your health and your magic reserves.
Your bite disrupts and absorbs the magic of your enemies.
Potions cannot restore your health.
You are immune to rotting.


Message History

You kill the orc wizard!
You block the orc's attack. Something hits you. The orc barely misses you.
You block the orc's attack. The orc barely misses you. Something hits you!
Things that are here:
a dagger; a robe You block the orc's attack.
The orc closely misses you.
You hear a zap.
You hear a grinding noise.
You hear some strange, mumbled words.
You hit the orc. You bite the orc. You drain its power.
You feel invigorated.
You kill the orc!
A puff of frost appears from out of thin air!
The puff of frost hits you! Something hits you!
You hear a zap.
Some rock shatters into small pieces.
Something hits you!
* * * LOW HITPOINT WARNING * * *
Something hits you!
You die...

#.# #..# #.# #....
#.# #.)# ##.# #####
###### #.# #..# #..#
.....# ##.## ##...#
#.##
####.###...#####.#..#
#.#
#.....#..)o......#
#.#
#####....##.######
##.########
###..##.#####
#[.........
#......o..@.#
#<.########
#...#.#####.# #..#
.........# #.# #..#
###...##.# #.# #[.#
#.#.. #.# #.# #..#
###.. #.# #.#####..#
#.. #.# #........#
... #.#
########.########
#####......<(#


You could see an orc.

Vanquished Creatures
  Menkaure (D:4)
  2 ogres (D:4)
  The ghost of Alucinor the Grasshopper, an amateur SpWr (D:3)
  An orc priest (D:3)
  A gnoll shaman (D:4)
  3 orc wizards
  Natasha (D:3)
  5 gnolls (D:4)
  7 adders
  2 oozes (D:2)
  2 worms
  4 dart slugs
  4 leopard geckos
  15 orcs
  2 ball pythons
  12 bats
  6 giant cockroaches
  7 goblins
  8 hobgoblins
  2 jackals (D:2)
  8 kobolds
  8 frilled lizards
  A leopard gecko skeleton (D:4)
  10 rats
113 creatures vanquished.

Vanquished Creatures (others)
  An orc wizard (D:4)
1 creature vanquished.

Grand Total: 114 creatures vanquished

Notes
Turn   | Place    | Note
-------+----------+-------------------------------------------
     0 | D:1      | rgaf the Vine Stalker Fighter began the quest for the Orb.
     0 | D:1      | Reached XP level 1. HP: 11/11 MP: 2/2
   113 | D:1      | Reached skill level 1 in Stealth
   113 | D:1      | Reached XP level 2. HP: 15/16 MP: 3/3
   388 | D:1      | Reached XP level 3. HP: 15/20 MP: 4/4
   884 | D:2      | Gained mutation: Your natural rate of healing is unusually fast. [Vine Stalker growth]
   884 | D:2      | Reached XP level 4. HP: 24/24 MP: 5/5
   885 | D:2      | Found a sparkling altar of Nemelex Xobeh.
  1232 | D:2      | Found a glowing silver altar of Zin.
  1430 | D:3      | Found a basalt altar of Yredelemnul.
  1441 | D:3      | Noticed Alucinor's ghost (amateur SpWr)
  1446 | D:3      | Found a stormy altar of Qazlal.
  1486 | D:3      | Killed Alucinor's ghost
  1486 | D:3      | Reached XP level 5. HP: 29/29 MP: 6/6
  1640 | D:3      | Noticed Natasha
  1656 | D:3      | Killed Natasha
  1802 | D:3      | Reached XP level 6. HP: 33/33 MP: 7/7
  2232 | D:4      | Noticed Menkaure
  2274 | D:4      | Killed Menkaure
  2274 | D:4      | Reached XP level 7. HP: 21/37 MP: 3/8
  2363 | D:4      | Noticed Grinder
  2564 | D:4      | Noticed Blork the orc
  2616 | D:4      | Slain by Blork the orc

Skill      XL: |  1  2  3  4  5  6  7 |
---------------+----------------------+-----
Stealth        | 1 2 3 4 |  4.5
Fighting       | 3 4 |  4.5
Short Blades   | 2 3 4 |  4.7
Armour         | 3 |  3.9
Shields        | |  2.6

Action                   |  1- 3 |  4- 6 |  7- 9 || total
-------------------------+-------+-------+-------++-------
Melee: Rapier            |    97 |   246 |    41 ||   384
       Bite              |    19 |    68 |     7 ||    94
Evoke: Wand              |       |     3 |     5 ||     8
  Use: Scroll            |       |     1 |       ||     1
  Eat: Chunk             |       |     5 |       ||     5
Armor: Scale mail        |    48 |    36 |       ||    84
       Chain mail        |       |    74 |    25 ||    99
Dodge: Dodged            |    43 |    41 |    13 ||    97
Block: Shield            |    42 |   122 |    23 ||   187
